AoeStats
← Princess Duckling

Arena

510692655Analyzed
3v3 RM · 1d ago on Oct 2, 2026· 60m 30s· 6 players
Game mode
Random Map
Map size
Normal (6 player)
Population
200
Speed
Normal
Resources
Standard
Victory
Conquest
Starting age
Dark Age
Ending age
Imperial Age
RankedLock teamsTeams togetherTeam positionsShared explorationLock speedFull tech treeHidden civsTurbo modeCheats
Victory
Defeat
🇺🇸 Turks · United States
700
+13
🇺🇸 Franks · United States
700
+13
🇺🇸 Ethiopians · United States
700
+13
🇮🇳 Bohemians · India
726
-16
🇮🇱 Spanish · Israel
637
-12
🇨🇳 Byzantines · China
574
-11
Flanker2020
5:57 Loom
11:53 Feudal Age
12:50 Double-Bit Axe
12:47 Horse Collar
14:08 Gold Mining
15:43 Wheelbarrow
22:09 Castle Age
20:24 Stone Mining
21:16 Bloodlines
21:14 Scale Barding Armor
21:20 Forging
23:41 Bow Saw
24:06 Chain Barding Armor
25:51 Wheelbarrow
28:06 Hand Cart
29:29 Stone Shaft Mining
29:16 Town Watch
31:04 Heavy Plow
31:10 Husbandry
31:47 Iron Casting
30:48 Pikeman
31:13 Gambesons
31:35 Squires
31:37 Scale Mail Armor
36:14 Imperial Age
34:13 Pikeman
34:40 Gambesons
35:00 Squires
35:19 Chain Mail Armor
39:43 Imperial Age
42:36 Imperial Age
48:46 Halberdier
51:43 Blast Furnace
53:31 Plate Barding Armor
52:20 Cavalier
Jupiter
0:46 Loom
10:00 Feudal Age
19:28 Castle Age
23:30 Double-Bit Axe
24:33 Town Watch
26:37 Horse Collar
33:22 Imperial Age
36:32 Chemistry
36:33 Town Patrol
43:31 Elite Hussite Wagon
50:00 Wheelbarrow
54:14 Hand Cart
58:53 Man-at-Arms
58:58 Pikeman
59:40 Squires
59:26 Arson
jumbleknight
8:53 Loom
12:09 Feudal Age
12:43 Double-Bit Axe
12:41 Horse Collar
20:58 Castle Age
20:50 Stone Mining
20:56 Gold Mining
21:58 Bow Saw
21:55 Heavy Plow
23:56 Wheelbarrow
24:18 Gold Shaft Mining
27:06 Stone Shaft Mining
26:18 Pikeman
27:11 Elite Skirmisher
29:19 Crossbowman
34:40 Imperial Age
32:29 Hand Cart
32:50 Padded Archer Armor
32:40 Fletching
33:01 Forging
32:51 Scale Mail Armor
34:08 Squires
33:54 Arson
36:35 Chemistry
37:12 Two-Man Saw
37:38 Ballistics
38:02 Halberdier
39:41 Crop Rotation
40:38 Bodkin Arrow
40:59 Leather Archer Armor
43:07 Arbalester
45:27 Bombard Tower
45:03 Murder Holes
45:20 Thumb Ring
46:17 Forging
46:08 Bracer
46:23 Leather Archer Armor
48:45 Iron Casting
48:26 Chain Mail Armor
52:55 Ring Archer Armor
52:55 Plate Mail Armor
Funstein
12:54 Feudal Age
18:07 Castle Age
19:44 Loom
22:40 Imperial Age
20:35 Double-Bit Axe
20:35 Horse Collar
27:13 Wheelbarrow
30:50 Hand Cart
34:25 Gold Mining
34:49 Bow Saw
34:41 Heavy Plow
37:23 Fortified Wall
37:25 Masonry
40:08 Bloodlines
39:58 Husbandry
42:07 Scale Barding Armor
48:09 Chain Barding Armor
48:00 Forging
49:49 Conscription
52:17 Heavy Scorpion
ersinbab
12:21 Feudal Age
18:17 Castle Age
16:18 Double-Bit Axe
32:46 Thumb Ring
33:18 Bow Saw
32:54 Horse Collar
35:13 Forging
35:04 Scale Mail Armor
35:47 Gold Mining
37:12 Squires
36:58 Arson
40:21 Imperial Age
38:47 Ballistics
40:32 Halberdier
41:06 Heavy Scorpion
49:33 Chemistry
55:26 Siege Engineers
61:12 Gold Shaft Mining
60:28 Stone Mining
Princess Duckling
13:01 Feudal Age
18:18 Castle Age
20:29 Husbandry
22:28 Scale Barding Armor
22:34 Forging
22:39 Fortified Wall
23:44 Gold Mining
25:18 Double-Bit Axe
27:33 Chain Barding Armor
27:50 Iron Casting
32:23 Padded Archer Armor
40:32 Imperial Age
41:15 Cavalier
43:38 Wheelbarrow
43:08 Light Cavalry
45:42 Paladin
49:15 Hand Cart
48:35 Elite Throwing Axeman
Connection lost

Rejoining the realm…

Still unreachable

The connection could not be restored.

Session expired

The server has moved on; the page needs a fresh start.